[Event "December 19 Early 2023"]
[Site "https://www.chess.com"]
[Date "2023.12.19"]
[Round "10"]
[White "Dyachuk, Artem"]
[Black "Iljin, Timofey"]
[Result "1-0"]
[Board "57"]
[TimeControl "180+1"]
[WhiteFideId "34107924"]
[BlackFideId "14110180"]
[WhiteElo "2244"]
[BlackElo "2380"]
[WhiteTeam "UKR"]
[BlackTeam "UKR"]
[WhiteClock "0:00:45"]
[BlackClock "0:00:01"]

1. e4 c5 2. Nf3 Nc6 3. Bb5 e5 4. O-O Bd6 5. c3 a6 6. Bxc6 dxc6 7. d4 Bg4 8. dxe5 Bc7 9. Bf4 Ne7 10. Nbd2 Ng6 11. Bg3 Be6 12. Qe2 O-O 13. Rad1 Qe7 14. Nc4 Bxc4 15. Qxc4 Nxe5 16. Qe2 Rfe8 17. Nxe5 Bxe5 18. f4 Bc7 19. e5 Qe6 20. f5 Qxa2 21. Rd7 Rac8 22. e6 Bxg3 23. Qh5 Rf8 24. hxg3 Qxb2 25. f6 gxf6 26. e7 Rfe8 27. Qg4+ Kh8 28. Qf3 f5 29. Qe3 a5 30. Qe5+ Kg8 31. Rxf5 Qb1+ 32. Kh2 h6 33. Qf6 a4 34. Qxf7+ Kh8 35. Qf8+ Rxf8 36. exf8=Q+ Rxf8 37. Rxf8# 1-0

[Event "December 19 Early 2023"]
[Site "https://www.chess.com"]
[Date "2023.12.19"]
[Round "10"]
[White "Matinian, Nikita"]
[Black "Shuvalov, Evgenij"]
[Result "1-0"]
[Board "58"]
[TimeControl "180+1"]
[WhiteFideId "24129100"]
[BlackFideId "4187237"]
[WhiteElo "2417"]
[BlackElo "2084"]
[WhiteTeam "FID"]
[BlackTeam "FID"]
[WhiteClock "0:01:49"]
[BlackClock "0:00:00"]

1. e4 e6 2. d4 d5 3. Nc3 Bc5 4. Nf3 Bb4 5. Bd3 c5 6. dxc5 Nf6 7. exd5 exd5 8. Qe2+ Be6 9. Ng5 Qe7 10. O-O O-O 11. Nxd5 Nxd5 12. Bxh7+ Kh8 13. Qh5 Nf6 14. Qh4 Bxc5 15. Be3 Rc8 16. Rae1 Nbd7 17. Bxc5 Rxc5 18. Rxe6 fxe6 19. Bf5+ Kg8 20. Bxe6+ Qxe6 21. Nxe6 1-0

[Event "December 19 Early 2023"]
[Site "https://www.chess.com"]
[Date "2023.12.19"]
[Round "10"]
[White "Waldhausen Gordon, Frederick"]
[Black "Kozak, Antoni"]
[Result "0-1"]
[Board "59"]
[TimeControl "180+1"]
[WhiteFideId "2409143"]
[BlackFideId "21832030"]
[WhiteElo "2286"]
[BlackElo "2470"]
[WhiteTeam "SCO"]
[BlackTeam "POL"]
[WhiteClock "0:01:14"]
[BlackClock "0:00:01"]

1. d4 Nf6 2. Nf3 e6 3. c4 d5 4. Nc3 Nbd7 5. Bf4 Bb4 6. Qb3 c5 7. dxc5 a5 8. a3 Nxc5 9. Qc2 Bxc3+ 10. Qxc3 O-O 11. e3 a4 12. Rd1 Nfe4 13. Qb4 Ra6 14. cxd5 Rb6 15. Qd4 exd5 16. Be2 Ne6 17. Qxa4 Rxb2 18. Be5 Bd7 19. Qa7 d4 20. Bxd4 Nxd4 21. Qxd4 Qa5+ 22. Kf1 Rxe2 23. Qxe4 Bb5 24. Kg1 Qxa3 25. Qxb7 Qb2 26. Nd4 Qd2 27. Rf1 Rxf2 28. Qxb5 Rxg2# 0-1

[Event "December 19 Early 2023"]
[Site "https://www.chess.com"]
[Date "2023.12.19"]
[Round "10"]
[White "Chan, Yi Ren Daniel"]
[Black "Santos Flores, Alberto"]
[Result "1-0"]
[Board "60"]
[TimeControl "180+1"]
[WhiteFideId "5801583"]
[BlackFideId "3601234"]
[WhiteElo "2375"]
[BlackElo "2229"]
[WhiteTeam "SGP"]
[BlackTeam "ECU"]
[WhiteClock "0:00:15"]
[BlackClock "0:00:00"]

1. e4 e6 2. Nf3 d5 3. Nc3 Nf6 4. e5 Ne4 5. d3 Nxc3 6. bxc3 c5 7. d4 Nc6 8. Bb5 Bd7 9. Bxc6 Bxc6 10. O-O Bb5 11. Re1 Be7 12. a4 Ba6 13. h3 Rc8 14. Nh2 Qc7 15. Be3 cxd4 16. Bxd4 Bc5 17. Qg4 O-O 18. Re3 Bxd4 19. cxd4 Qxc2 20. Rg3 g6 21. Qg5 Qb2 22. Re1 Qxd4 23. Ng4 Rc2 24. Nh6+ Kg7 25. Qf6+ Kxh6 26. Rg4 Qxf2+ 27. Qxf2 Rxf2 28. Kxf2 Rc8 29. Rf4 Kg7 30. Re3 Rc4 31. Rf6 Rc7 32. g4 d4 33. Ref3 d3 34. Ke3 Rd7 35. Kd2 b6 36. h4 h6 37. R6f4 g5 38. hxg5 hxg5 39. Rf6 Bc4 40. Rh3 Rd5 41. Rhf3 Rd7 42. Rf2 a6 43. Kc3 b5 44. a5 Rc7 45. Rh2 Rc5 46. Rhf2 Rc7 47. Kd4 Rd7+ 48. Ke3 b4 49. Rb2 b3 50. Kd2 Rd5 51. Kc3 Bb5 52. Rbf2 Rd7 53. R6f3 d2 54. Rxd2 Rxd2 55. Kxd2 Bc4 56. Rc3 Bd5 57. Rc8 Kg6 58. Kc3 f6 59. exf6 Kxf6 60. Rc7 e5 61. Ra7 e4 62. Rxa6+ Ke5 63. Rb6 e3 64. Kd3 Kf4 65. a6 Kf3 66. Rf6+ Kxg4 67. Kxe3 b2 68. Rb6 Kh3 69. Rxb2 g4 70. Rb5 Ba8 71. Rh5+ Kg2 72. Kf4 Bf3 73. Rg5 Kf2 74. Rxg4 1-0

[Event "December 19 Early 2023"]
[Site "https://www.chess.com"]
[Date "2023.12.19"]
[Round "10"]
[White "Srihari L R"]
[Black "Horak, Martin"]
[Result "1-0"]
[Board "61"]
[TimeControl "180+1"]
[WhiteFideId "46617116"]
[BlackFideId "367095"]
[WhiteElo "2338"]
[BlackElo "2091"]
[WhiteTeam "IND"]
[BlackTeam "CZE"]
[WhiteClock "0:00:08"]
[BlackClock "0:00:00"]

1. c4 e6 2. Nf3 d5 3. e3 Nf6 4. Nc3 c5 5. cxd5 Nxd5 6. Nxd5 Qxd5 7. b3 Be7 8. Bb2 Bf6 9. Bxf6 gxf6 10. Qc2 Nc6 11. Rc1 b6 12. d4 Nb4 13. Qd2 Ba6 14. Bxa6 Nxa6 15. Qe2 Qb7 16. Qb5+ Kf8 17. dxc5 Nc7 18. Qc4 Nd5 19. c6 Qc7 20. O-O Rc8 21. Rfd1 Rg8 22. g3 f5 23. Kf1 Rg4 24. Rd4 Nf6 25. h3 Rxd4 26. Nxd4 Ne4 27. Kg2 Qe5 28. Rc2 Nd6 29. Qa6 Rc7 30. Qe2 Kg7 31. Qf3 Ne4 32. Qf4 Qxf4 33. gxf4 a6 34. a4 Kf6 35. b4 Ke7 36. b5 a5 37. Nb3 Kd6 38. f3 Nf6 39. Rd2+ Ke7 40. Kf2 Nd5 41. Rd4 Nc3 42. Nd2 1-0

[Event "December 19 Early 2023"]
[Site "https://www.chess.com"]
[Date "2023.12.19"]
[Round "10"]
[White "Bardyk, Artem"]
[Black "Rangel, Daniel"]
[Result "1-0"]
[Board "62"]
[TimeControl "180+1"]
[WhiteFideId "34349979"]
[BlackFideId "2124475"]
[WhiteElo "2300"]
[BlackElo "2267"]
[WhiteTeam "RUS"]
[BlackTeam "BRA"]
[WhiteClock "0:01:32"]
[BlackClock "0:00:00"]

1. e4 c5 2. c3 g6 3. d4 cxd4 4. cxd4 d5 5. e5 Bg7 6. Nc3 Nc6 7. h3 Nh6 8. Nf3 O-O 9. Bb5 f6 10. Bxc6 bxc6 11. O-O Nf7 12. exf6 exf6 13. Re1 Re8 14. Bf4 Bf5 15. Qa4 Qb6 16. b3 Be4 17. Nd2 Bd3 18. Rxe8+ Rxe8 19. Nxd5 Qb5 20. Qxb5 cxb5 21. Rc1 Rd8 22. Ne7+ Kf8 23. Nc6 Rc8 24. d5 g5 25. Be3 Ne5 26. Bxa7 Nxc6 27. Rxc6 Rxc6 28. dxc6 Ke7 29. Bc5+ Kd8 30. Bb6+ Kc8 31. a4 bxa4 32. bxa4 f5 33. a5 Bb5 34. c7 g4 35. hxg4 fxg4 36. Ne4 Be5 37. Ng5 h5 38. Nf7 Bf4 39. g3 Bc1 40. Nd6+ 1-0

[Event "December 19 Early 2023"]
[Site "https://www.chess.com"]
[Date "2023.12.19"]
[Round "10"]
[White "Feuerstack, Aljoscha"]
[Black "Herman, Matthew"]
[Result "1-0"]
[Board "63"]
[TimeControl "180+1"]
[WhiteFideId "4681932"]
[BlackFideId "2028964"]
[WhiteElo "2418"]
[BlackElo "2368"]
[WhiteTeam "GER"]
[BlackTeam "USA"]
[WhiteClock "0:00:06"]
[BlackClock "0:00:00"]

1. e4 e5 2. Bc4 Nf6 3. d3 c6 4. Nf3 d6 5. O-O g6 6. d4 Nxe4 7. Re1 d5 8. Rxe4 dxc4 9. Rxe5+ Be6 10. Bg5 Be7 11. Bh6 Nd7 12. Rxe6 fxe6 13. Qe2 Nf8 14. Nc3 Bf6 15. Qxc4 Qc7 16. Ne4 Be7 17. Bg7 Rg8 18. Bxf8 Rxf8 19. Qxe6 Qd7 20. Qc4 O-O-O 21. c3 Qf5 22. Re1 Rde8 23. Ned2 Bd6 24. Rxe8+ Rxe8 25. h3 Qc2 26. Qf7 Re7 27. Qg8+ Kd7 28. Qa8 Qd1+ 29. Nf1 Qe2 30. Qxb7+ Ke6 31. Qxc6 Qxb2 32. Qc4+ Kd7 33. Ne3 Qb1+ 34. Nf1 Qe4 35. N3d2 Qe2 36. Qa4+ Kd8 37. Qa5+ Ke8 38. Qd5 Bc7 39. Nf3 Qd1 40. Qc6+ Kf8 41. d5 Qd3 42. Ne3 Qb1+ 43. Nf1 Qd3 44. N3d2 Kg7 45. Qc5 Kf7 46. c4 Be5 47. Qc6 Bd4 48. Nf3 Bb6 49. Ng5+ Kg7 50. Ne6+ 1-0

[Event "December 19 Early 2023"]
[Site "https://www.chess.com"]
[Date "2023.12.19"]
[Round "10"]
[White "Avila Rodriguez, Joshua Ad"]
[Black "Sahib Singh"]
[Result "0-1"]
[Board "64"]
[TimeControl "180+1"]
[WhiteFideId "5126444"]
[BlackFideId "25618342"]
[WhiteElo "2097"]
[BlackElo "2130"]
[WhiteTeam "MEX"]
[BlackTeam "IND"]
[WhiteClock "0:00:00"]
[BlackClock "0:00:20"]

1. e4 e6 2. d4 d5 3. e5 c5 4. c3 Qb6 5. Nf3 Nc6 6. a3 c4 7. Nbd2 Na5 8. Rb1 Bd7 9. h4 Ne7 10. h5 h6 11. b3 cxb3 12. Nxb3 Ba4 13. Nxa5 Bxd1 14. Rxb6 axb6 15. Nxb7 Bxf3 16. Nd6+ Kd7 17. Nxf7 Rh7 18. gxf3 g5 19. hxg6 Nxg6 20. Bb5+ Kc7 21. Ng5 Re7 22. Nh3 Rf7 23. f4 Bxa3 24. Bd2 Nh4 25. Ke2 Be7 26. Rg1 Ra2 27. Rg8 Nf5 28. Rg6 Bb4 29. Kd3 Nxd4 30. Be8 Re7 31. cxb4 Rxe8 32. Rxh6 Nf5 33. Rh7+ Kc6 34. Ng5 Ra3+ 35. Ke2 d4 36. Rf7 d3+ 37. Kf1 Ra2 38. Bc3 Rc2 39. Ne4 Ra8 40. Rf6 Kd5 41. Rf7 Kxe4 0-1

[Event "December 19 Early 2023"]
[Site "https://www.chess.com"]
[Date "2023.12.19"]
[Round "10"]
[White "Golubev, Mikhail"]
[Black "Parfenov, Viktor N."]
[Result "1-0"]
[Board "65"]
[TimeControl "180+1"]
[WhiteFideId "14100983"]
[BlackFideId "4165969"]
[WhiteElo "2352"]
[BlackElo "2093"]
[WhiteTeam "UKR"]
[BlackTeam "RUS"]
[WhiteClock "0:00:08"]
[BlackClock "0:00:00"]

1. e4 e5 2. Nf3 Nc6 3. Bc4 Nf6 4. Ng5 d5 5. exd5 Na5 6. Bb5+ c6 7. dxc6 bxc6 8. Bd3 Nd5 9. Nf3 Bd6 10. O-O O-O 11. Re1 f5 12. Nxe5 Qf6 13. Nf3 g5 14. c4 Nf4 15. Bf1 g4 16. d4 gxf3 17. Qxf3 Ne6 18. Qc3 Nb7 19. c5 Bc7 20. Bc4 Kg7 21. b4 Kg6 22. d5 cxd5 23. Bxd5 Qxc3 24. Nxc3 Nf4 25. Bxb7 Bxb7 26. Re7 Rae8 27. Rxe8 Rxe8 28. Bxf4 Bxf4 29. Rd1 Bd2 30. Nb5 Bxb4 31. Nd6 Re7 32. Rb1 Bc6 33. Nc8 Rc7 34. Nxa7 Bxc5 35. Nxc6 Rxc6 36. g3 Bd4 37. Rd1 Ba7 38. Rd2 Kf6 39. Kg2 Ke6 40. Re2+ Kd5 41. Re7 Bd4 42. Rd7+ Ke4 43. Re7+ Kd3 44. Rxh7 Rc2 45. Rf7 Rxf2+ 46. Kh3 Ke4 47. a4 Ra2 48. Re7+ Be5 49. Ra7 Kf3 50. Rf7 f4 51. a5 Rxa5 52. Rf5 Ke4 53. Kg4 Rb5 54. gxf4 1-0

[Event "December 19 Early 2023"]
[Site "https://www.chess.com"]
[Date "2023.12.19"]
[Round "10"]
[White "Domingo Nunez, Alejandro"]
[Black "Kochiev, Ivan"]
[Result "0-1"]
[Board "66"]
[TimeControl "180+1"]
[WhiteFideId "22245561"]
[BlackFideId "2917890"]
[WhiteElo "2252"]
[BlackElo "2285"]
[WhiteTeam "ESP"]
[BlackTeam "BUL"]
[WhiteClock "0:00:25"]
[BlackClock "0:00:04"]

1. e4 c5 2. d4 cxd4 3. c3 d3 4. Bxd3 Nc6 5. Nf3 d6 6. h3 g6 7. c4 Bg7 8. O-O Nf6 9. Nc3 O-O 10. Be3 Be6 11. Rc1 Nd7 12. b3 a5 13. Qe2 Nc5 14. Bb1 f5 15. Rfd1 Qc8 16. exf5 Bxf5 17. Nd5 Bxb1 18. Nb6 Qf5 19. Nxa8 Bd3 20. Qd2 Be4 21. Nc7 Bxf3 22. gxf3 Ne5 23. Qd5+ e6 24. Qxd6 Qxh3 25. Qxe5 Bxe5 26. Bxc5 Bh2+ 27. Kh1 Bxc7+ 28. Kg1 Bh2+ 29. Kh1 Bd6+ 30. Kg1 Bxc5 0-1

[Event "December 19 Early 2023"]
[Site "https://www.chess.com"]
[Date "2023.12.19"]
[Round "10"]
[White "Tokhirjonova, Gulrukhbegim"]
[Black "Tikhonov, Viacheslav"]
[Result "1-0"]
[Board "67"]
[TimeControl "180+1"]
[WhiteFideId "14203626"]
[BlackFideId "44196407"]
[WhiteElo "2265"]
[BlackElo "2209"]
[WhiteTeam "USA"]
[BlackTeam "RUS"]
[WhiteClock "0:00:23"]
[BlackClock "0:00:01"]

1. Nf3 g6 2. d4 Nf6 3. Nc3 d5 4. Bf4 Bg7 5. Qd2 c6 6. h3 b5 7. a3 a5 8. g4 Bb7 9. Bg2 Qb6 10. Ne5 Nbd7 11. O-O O-O 12. e3 Nxe5 13. Bxe5 Rfe8 14. f4 c5 15. Kh2 e6 16. Rae1 Rad8 17. Qf2 Ne4 18. Nxe4 dxe4 19. Bxg7 Kxg7 20. c3 f5 21. Qh4 cxd4 22. cxd4 Rc8 23. Rf2 Qc7 24. Ree2 Qe7 25. Qg3 Bd5 26. h4 Kh8 27. Bh3 Rg8 28. Rg2 Qf7 29. Qe1 a4 30. Qb4 Qd7 31. Rc2 Rc4 32. Rxc4 Bxc4 33. d5 exd5 34. gxf5 Qg7 35. fxg6 hxg6 36. h5 Qf6 37. hxg6 Rxg6 38. Rxg6 Qxg6 39. Qf8+ Qg8 40. Qh6+ Qh7 41. Qf6+ Qg7 42. Qd8+ Qg8 43. Qd6 Qg7 44. f5 Qxb2+ 45. Kg3 Qg7+ 46. Kf4 Qg1 47. Qh6+ Kg8 48. f6 Qf2+ 49. Ke5 Qg3+ 50. Kd4 Qg1 51. Be6# 1-0

[Event "December 19 Early 2023"]
[Site "https://www.chess.com"]
[Date "2023.12.19"]
[Round "10"]
[White "Ezat, Mohamed"]
[Black "Hnydiuk, Aleksander"]
[Result "0-1"]
[Board "68"]
[TimeControl "180+1"]
[WhiteFideId "10600906"]
[BlackFideId "1109057"]
[WhiteElo "2367"]
[BlackElo "2374"]
[WhiteTeam "EGY"]
[BlackTeam "POL"]
[WhiteClock "0:00:15"]
[BlackClock "0:00:10"]

1. d4 Nf6 2. c4 g6 3. Nc3 Bg7 4. e4 d6 5. Be2 O-O 6. Bg5 h6 7. Be3 e5 8. d5 a5 9. Qd2 Kh7 10. h4 Na6 11. h5 g5 12. f3 Nc5 13. g4 c6 14. Nh3 cxd5 15. cxd5 Ne8 16. Nf2 Bd7 17. Kf1 Nc7 18. Nd3 Nxd3 19. Bxd3 b5 20. Bb6 b4 21. Ne2 Qb8 22. Be3 Qb7 23. Kg2 Rfc8 24. Rhc1 Nb5 25. Bxb5 Bxb5 26. Ng3 Bd7 27. Rxc8 Rxc8 28. Rc1 Bf6 29. Rxc8 Qxc8 30. Bb6 Bd8 31. Qe3 Qc2+ 32. Kh3 Bc7 33. b3 Kg7 34. Qg1 Kf6 35. Nf1 Ke7 36. Bxc7 Qxc7 37. Ne3 a4 38. Nc4 Bb5 39. Ne3 Bd7 40. Qe1 Qc3 41. Ng2 a3 42. Qxc3 bxc3 43. Ne1 Bb5 44. Kg3 Be2 45. Kf2 Bd1 46. Ke3 Kd7 47. Kd3 c2 48. Kd2 Kc7 49. Nxc2 Bxf3 50. Kd3 Bxg4 51. Ne3 Bxh5 52. Nc4 Bg6 53. Nxa3 h5 54. Nb5+ Kd7 55. Nc3 h4 56. Ke3 g4 57. a4 h3 58. Kf2 h2 59. Kg2 g3 60. a5 Bh5 61. a6 Bf3+ 62. Kxg3 h1=Q 63. Kf2 Qg2+ 64. Ke3 Qc2 65. Na4 Qxb3+ 66. Kf2 Qxa4 67. Kg3 Qxa6 68. Kh4 Qc4 69. Kg5 Kc7 70. Kf6 Bxe4 71. Ke7 Bxd5 72. Ke8 e4 73. Ke7 e3 74. Kf8 e2 75. Ke7 e1=Q+ 76. Kf8 Qee2 77. Kg7 Kb6 78. Kf8 Kc5 79. Kg7 f5 80. Kf8 f4 81. Kg7 f3 82. Kf8 f2 83. Kg7 f1=Q 84. Kh6 Qh2+ 85. Kg5 Qhg2+ 86. Kh6 Qfh1# 0-1

[Event "December 19 Early 2023"]
[Site "https://www.chess.com"]
[Date "2023.12.19"]
[Round "10"]
[White "Reprintsev, Alexander"]
[Black "Parpiev, Isaak"]
[Result "0-1"]
[Board "69"]
[TimeControl "180+1"]
[WhiteFideId "14100541"]
[BlackFideId "34281576"]
[WhiteElo "2229"]
[BlackElo "2183"]
[WhiteTeam "UKR"]
[BlackTeam "RUS"]
[WhiteClock "0:00:00"]
[BlackClock "0:00:17"]

1. e4 e5 2. f4 exf4 3. Bc4 Nf6 4. Nc3 Nc6 5. d4 d5 6. exd5 Na5 7. Bb5+ Bd7 8. Qe2+ Be7 9. Bxf4 O-O 10. O-O-O Bb4 11. Bxd7 Qxd7 12. Qb5 Bxc3 13. Qxd7 Bxb2+ 14. Kxb2 Nxd7 15. Bxc7 Nc4+ 16. Kb3 Ne3 17. Rd2 Nxd5 18. Bd6 Rfe8 19. c4 Re3+ 20. Kb2 N7b6 21. Rc2 Na4+ 22. Kc1 Ndc3 23. Nf3 Rc8 24. c5 Ne4 25. Bf4 Rc3 26. Re1 f5 27. Nd2 Nf6 28. Be5 Nd5 29. Rxc3 Naxc3 30. Kb2 b6 31. Nb3 bxc5 32. dxc5 Na4+ 33. Ka3 Nxc5 34. Rc1 Re8 35. Rxc5 Rxe5 36. Ra5 f4 37. Rxa7 Re2 38. Nd4 Rxg2 39. Rd7 Nc3 40. Nf3 h6 41. h4 Rxa2+ 42. Kb3 Rf2 43. Ne5 Ne4 44. Kc4 Nf6 45. Ra7 Rh2 46. Ng6 Rg2 47. Ra8+ Kf7 48. Nh8+ Ke6 49. Ra6+ Kf5 50. Ra5+ Kg4 51. Ng6 f3 52. Kd3 Re2 53. Ne5+ Kg3 0-1

[Event "December 19 Early 2023"]
[Site "https://www.chess.com"]
[Date "2023.12.19"]
[Round "10"]
[White "Iskusnyh, Sergei"]
[Black "Kanyamarala, Tarun"]
[Result "1-0"]
[Board "70"]
[TimeControl "180+1"]
[WhiteFideId "4120027"]
[BlackFideId "45004714"]
[WhiteElo "2455"]
[BlackElo "2318"]
[WhiteTeam "RUS"]
[BlackTeam "IRL"]
[WhiteClock "0:01:21"]
[BlackClock "0:01:00"]

1. d4 f5 2. g3 Nf6 3. Bg2 g6 4. Nd2 Bg7 5. e4 fxe4 6. Nxe4 O-O 7. Nxf6+ exf6 8. c4 c6 9. Ne2 d6 10. O-O f5 11. Bf4 Na6 12. Qd2 Nc7 13. Rad1 Be6 14. d5 cxd5 15. cxd5 Bf7 16. Qb4 g5 17. Bxd6 Na6 18. Qa3 Bxb2 19. Qxb2 Qxd6 20. Nd4 Bh5 21. Ne6 Qd7 22. Rc1 h6 23. Nxf8 Rxf8 24. Rfe1 Bf7 25. Qf6 1-0

[Event "December 19 Early 2023"]
[Site "https://www.chess.com"]
[Date "2023.12.19"]
[Round "10"]
[White "Shubenkova, Veronika"]
[Black "Bazilius, Augustinas"]
[Result "1/2-1/2"]
[Board "71"]
[TimeControl "180+1"]
[WhiteFideId "44124040"]
[BlackFideId "12832251"]
[WhiteElo "1967"]
[BlackElo "2082"]
[WhiteTeam "RUS"]
[BlackTeam "LTU"]
[WhiteClock "0:00:55"]
[BlackClock "0:00:13"]

1. d4 Nf6 2. e3 c5 3. c3 cxd4 4. exd4 g6 5. Nf3 Bg7 6. Bd3 d5 7. O-O O-O 8. Ne5 Nc6 9. f4 Ne4 10. Qe2 Nd6 11. Be3 Bf5 12. Nd2 Bxd3 13. Qxd3 f6 14. Nxc6 bxc6 15. Rf3 e5 16. fxe5 fxe5 17. Rxf8+ Qxf8 18. dxe5 Bxe5 19. Rf1 Qb8 20. Nf3 Bg7 21. Bf4 Qb6+ 22. Nd4 Ne4 23. Be3 Qxb2 24. Nxc6 Qxc3 25. Qxd5+ Kh8 26. Qxe4 Rc8 27. Ne7 Rb8 28. Bf4 Rf8 29. Be3 Rxf1+ 30. Kxf1 Qa1+ 31. Kf2 Qxa2+ 32. Kg3 Qf7 33. Qa8+ Qf8 34. Qxf8+ Bxf8 35. Bd4+ Bg7 36. Bxa7 Be5+ 37. Kh3 Kg7 38. Be3 Bd6 39. Nc8 Be5 40. Nb6 Kh8 41. g4 Kg7 42. Nc4 Bc7 43. Bd4+ Kg8 44. Ne3 Kf7 45. Nd5 Bd6 46. g5 Ba3 47. Nf6 Kg7 48. Kg4 Bb4 49. h4 Ba3 50. Be5 Bc1 51. h5 gxh5+ 52. Nxh5+ Kg8 53. Kf5 Bxg5 54. Kxg5 Kf7 55. Kh6 Ke6 56. Bg7 Kf5 57. Kxh7 Kg4 58. Nf6+ Kf5 59. Kh6 Ke6 60. Kg6 Ke5 61. Nh5+ Ke6 62. Bf6 Kd5 63. Kf5 Kd6 64. Nf4 Kc5 65. Ke6 Kc6 66. Nd5 Kc5 67. Be5 Kc6 68. Ne7+ Kc5 69. Kd7 Kc4 70. Kd6 Kd3 71. Kd5 Ke3 72. Nf5+ Kf3 73. Nd4+ Ke3 74. Bg7 Kf4 75. Ne6+ Ke3 76. Bd4+ Kf3 77. Ke5 Kg3 78. Ke4 Kg2 79. Nc5 Kg3 80. Nd3 Kg2 81. Ne1+ Kf1 82. Nd3 Kg2 83. Kf4 Kh3 84. Kf3 Kh2 85. Be5+ Kh1 86. Nf4 Kh2 87. Ne2+ Kh1 88. Nc1 Kg1 89. Nb3 Kh1 90. Bg3 Kg1 91. Nd4 Kh1 92. Be5 Kg1 93. Ne2+ Kh1 94. Ng3+ Kg1 95. Bd4+ Kh2 96. Bf2 Kh3 97. Bg1 Kh4 98. Kf4 Kh3 99. Nf5 Kg2 100. Bd4 Kh1 101. Kf3 Kh2 102. Nh6 Kh1 103. Kf2 Kh2 104. Nf7 Kh1 105. Ng5 Kh2 106. Ba7 Kh1 107. Kf1 1/2-1/2

[Event "December 19 Early 2023"]
[Site "https://www.chess.com"]
[Date "2023.12.19"]
[Round "10"]
[White "Namitbir Singh Walia"]
[Black "Bettalli, Francesco"]
[Result "1-0"]
[Board "72"]
[TimeControl "180+1"]
[WhiteFideId "35071068"]
[BlackFideId "2816453"]
[WhiteElo "2239"]
[BlackElo "2226"]
[WhiteTeam "IND"]
[BlackTeam "ITA"]
[WhiteClock "0:00:11"]
[BlackClock "0:00:00"]

1. e4 e5 2. Nf3 Nf6 3. Nxe5 Nc6 4. Nxc6 dxc6 5. d3 Bc5 6. h3 h5 7. g3 h4 8. Bf4 hxg3 9. Bxg3 Qd4 10. Nc3 Be6 11. Qd2 O-O-O 12. O-O-O Bb4 13. Qf4 Qb6 14. Qg5 Rh5 15. Qxg7 Be7 16. Be2 Ra5 17. Bh4 Rg8 18. Qh6 Qd4 19. Rhg1 Rxg1 20. Rxg1 Bxa2 21. Bxf6 Qxf6 22. Rg8+ Kd7 23. Bg4+ Kd6 24. e5+ Rxe5 25. Qxf6+ Bxf6 26. Nxa2 Re1+ 27. Kd2 Rf1 28. Nc3 Be5 29. Ne4+ Ke7 30. c3 Rb1 31. Kc2 Rh1 32. Rb8 b6 33. d4 Bf4 34. Ra8 a5 35. Rh8 Re1 36. Bf5 Rc1+ 37. Kd3 Rb1 38. Rh7 Rxb2 39. Bg6 a4 40. Rxf7+ Ke6 41. Rxf4 a3 42. Bf7+ Ke7 43. Rf5 Rb1 44. Kc2 Rb2+ 45. Kc1 Re2 46. Nd2 b5 47. Bb3 Re1+ 48. Kc2 Rh1 49. Rh5 Kf6 50. Rh7 Kg5 51. Rxc7 Rxh3 52. Rxc6 Kf4 53. Rb6 Rh2 54. Rxb5 Rxf2 55. Ra5 Ke3 56. Re5+ Kf4 57. Re8 Rf1 58. Kd3 Rc1 59. Ra8 Kg3 60. Rxa3 Kf2 61. Ra8 Ke1 62. Re8+ Kf2 63. Re2+ Kg3 64. d5 Rh1 65. d6 Rh6 66. Re6 Rh7 67. Re7 Rh6 68. Ne4+ Kf4 69. d7 Rh3+ 70. Kd4 Rh8 71. Rf7+ Kg4 72. Nf6+ Kf5 73. Ne8+ Kg6 74. d8=Q 1-0

[Event "December 19 Early 2023"]
[Site "https://www.chess.com"]
[Date "2023.12.19"]
[Round "10"]
[White "Gutierrez Olivares, Daniel"]
[Black "Novikov, Evgenij"]
[Result "1-0"]
[Board "73"]
[TimeControl "180+1"]
[WhiteFideId "2264005"]
[BlackFideId "4125380"]
[WhiteElo "2317"]
[BlackElo "2242"]
[WhiteTeam "ESP"]
[BlackTeam "RUS"]
[WhiteClock "0:00:44"]
[BlackClock "0:00:00"]

1. Nf3 Nf6 2. b3 g6 3. Bb2 Bg7 4. e3 a5 5. Be2 a4 6. Na3 O-O 7. O-O b6 8. c4 Bb7 9. Nc2 d6 10. b4 Nbd7 11. a3 e5 12. d3 e4 13. dxe4 Nxe4 14. Bxg7 Kxg7 15. Qd4+ Qf6 16. Bd3 Rfe8 17. Rac1 Re7 18. h3 Rae8 19. Qxf6+ Kxf6 20. Ncd4 h5 21. Bc2 Ra8 22. Nb5 Nf8 23. Rfd1 g5 24. Nd2 Nxd2 25. Rxd2 Ne6 26. Nc3 Bc6 27. Bd1 Kg6 28. Bc2+ Kh6 29. b5 Bb7 30. Nxa4 g4 31. h4 g3 32. f3 Nc5 33. Nxc5 dxc5 34. Rd3 Rae8 35. e4 f5 36. Re3 fxe4 37. fxe4 Rg7 38. Rf1 Rg4 39. Rf6+ Kg7 40. Rff3 Bxe4 41. Rxg3 Rxg3 42. Rxg3+ Kf6 43. Re3 Bg6 44. Rf3+ Ke5 45. Bxg6 Ra8 46. Bxh5 Kd4 47. Bf7 Rf8 48. Kh2 Rh8 49. Kh3 Rh6 50. h5 Rh8 51. Kh4 Ke4 52. Bg6+ Ke5 53. Kg5 Kd4 54. h6 Ke5 55. h7 Ke6 56. Kh6 Rd8 57. a4 Ra8 58. g3 Kd6 59. g4 c6 60. Be4 cxb5 61. Bxa8 b4 62. Rf6+ 1-0

[Event "December 19 Early 2023"]
[Site "https://www.chess.com"]
[Date "2023.12.19"]
[Round "10"]
[White "Smolka, Marcin"]
[Black "Eilers, Stefan"]
[Result "1/2-1/2"]
[Board "74"]
[TimeControl "180+1"]
[WhiteFideId "1139681"]
[BlackFideId "4609565"]
[WhiteElo "2117"]
[BlackElo "2457"]
[WhiteTeam "POL"]
[BlackTeam "GER"]
[WhiteClock "0:00:25"]
[BlackClock "0:00:04"]

1. e4 g6 2. h4 h5 3. d4 Bg7 4. Nc3 c6 5. Bc4 Nf6 6. e5 Nd5 7. Nge2 d6 8. f4 Nxc3 9. Nxc3 Bg4 10. Qd3 d5 11. Bb3 e6 12. Nd1 Bf5 13. Qe2 Nd7 14. Nf2 a6 15. c3 c5 16. Be3 c4 17. Bc2 b5 18. Kd2 a5 19. a3 Bf8 20. Rag1 Be7 21. g3 Qb6 22. g4 hxg4 23. Nxg4 O-O-O 24. Bf2 Bxc2 25. Kxc2 b4 26. axb4 axb4 27. Rb1 Kc7 28. b3 Ra8 29. Rhc1 bxc3 30. Kd1 Bxh4 31. bxc4 Qa6 32. cxd5 Bxf2 33. Qxa6 Rxa6 34. Rxc3+ Kd8 35. Nxf2 exd5 36. Rb2 Rh2 37. Ke2 Nb6 38. Kf3 Nc4 39. Re2 Ra1 40. Kg3 Rh5 41. Kg2 Kd7 42. Rf3 Ke6 43. Rh3 Ra8 44. Rxh5 gxh5 45. Nh1 Kf5 46. Ng3+ Kg4 47. Rf2 Ra3 48. Nf1 Ne3+ 49. Nxe3+ Rxe3 50. f5 Rg3+ 51. Kf1 h4 52. f6 Re3 53. Re2 Rf3+ 54. Rf2 Re3 55. Re2 Rf3+ 56. Kg2 h3+ 57. Kh2 Kf4 58. e6 fxe6 59. Rxe6 Kg4 60. Kg1 Rf4 61. Re5 Rxd4 62. f7 Rf4 63. Rxd5 Rxf7 64. Rd1 Rf4 65. Rc1 Re4 66. Rd1 Rf4 67. Rf1 Re4 68. Rd1 Rf4 1/2-1/2

[Event "December 19 Early 2023"]
[Site "https://www.chess.com"]
[Date "2023.12.19"]
[Round "10"]
[White "Serban, Cristian-Stefan"]
[Black "Hajiyev, Kanan"]
[Result "0-1"]
[Board "75"]
[TimeControl "180+1"]
[WhiteFideId "1241443"]
[BlackFideId "13404148"]
[WhiteElo "2040"]
[BlackElo "2102"]
[WhiteTeam "ROU"]
[BlackTeam "AZE"]
[WhiteClock "0:00:00"]
[BlackClock "0:01:04"]

1. d4 d5 2. Bf4 c5 3. e3 cxd4 4. exd4 Nc6 5. c3 Nf6 6. Bd3 g6 7. Nf3 Bg7 8. O-O O-O 9. Nbd2 Bf5 10. Qc2 Bxd3 11. Qxd3 Nh5 12. Bg5 Qc7 13. Rfe1 Rfe8 14. Nf1 Rab8 15. a4 Na5 16. N1d2 Rbc8 17. Rac1 e6 18. g3 h6 19. Be3 Nc4 20. Nxc4 Qxc4 21. Qxc4 Rxc4 22. Ra1 Rec8 23. Nd2 R4c7 24. a5 g5 25. g4 Nf6 26. h3 Bf8 27. Kg2 Bd6 28. f3 Kg7 29. h4 Nh7 30. Rh1 f6 31. hxg5 hxg5 32. Rh5 Nf8 33. Rf1 Rc6 34. f4 gxf4 35. Bxf4 Bxf4 36. Rxf4 Ng6 37. Rf2 Ra6 38. Nb3 b6 39. axb6 axb6 40. Nc1 Ra1 41. Nd3 Rd1 42. Rh3 Rh8 43. Rxh8 Kxh8 44. Nf4 Nxf4+ 45. Rxf4 Kg7 46. Rf2 Kg6 47. Kf3 Rd3+ 48. Kf4 Rh3 49. Re2 Kf7 50. Rc2 Rh1 51. Kg3 Rg1+ 52. Kf3 Rf1+ 53. Kg2 Re1 54. Kf2 Re4 55. Kf3 Kg6 56. Rh2 Kg5 57. Rh5+ Kg6 58. Rh2 b5 59. Rg2 b4 60. Rh2 b3 61. Rh5 f5 0-1

[Event "December 19 Early 2023"]
[Site "https://www.chess.com"]
[Date "2023.12.19"]
[Round "10"]
[White "Deng, Henry"]
[Black "Liu, Casper"]
[Result "1-0"]
[Board "76"]
[TimeControl "180+1"]
[WhiteFideId "30965454"]
[BlackFideId "1454153"]
[WhiteElo "2580"]
[BlackElo "2221"]
[WhiteTeam "USA"]
[BlackTeam "DEN"]
[WhiteClock "0:02:05"]
[BlackClock "0:01:19"]

1. e4 c6 2. d4 d5 3. Nd2 dxe4 4. Nxe4 Nd7 5. Nf3 Ngf6 6. Ng3 g6 7. Bd3 Bg7 8. O-O O-O 9. Bg5 b6 10. Qd2 Bb7 11. Bh6 c5 12. Bxg7 Kxg7 13. c3 Bxf3 14. gxf3 e5 15. dxc5 Nxc5 16. Rad1 Qd7 17. Bb1 Qh3 18. Qg5 Nfd7 19. Bf5 1-0